 Dungeon Crawl Stone Soup version 0.29.1-15-g9cfb28693d (webtiles) character file.

Game seed: 1598456097315759726

53 protoss039 the Sneak (level 3, -3/20 HPs)
             Began as a Tengu Enchanter on Mar 24, 2023.
             Killed by nerve-wracking pain
             ... invoked by an orc priest
              (8 damage)
             ... on level 3 of the Dungeon.
             The game lasted 00:02:42 (2308 turns).

protoss039 the Sneak (Tengu Enchanter)              Turns: 2308, Time: 00:02:43

Health: -3/20      AC:  3    Str:  8    XL:     3   Next: 89%
Magic:  14/16      EV: 17    Int: 15    God:
Gold:   110        SH:  0    Dex: 16    Spells: 1/6 levels left

rFire   . . .      SeeInvis .   a - +1 dagger
rCold   . . .      Faith    .   (no shield)
rNeg    . . .      Spirit   .   b - +0 robe
rPois   .          Reflect  .   (helmet restricted)
rElec   .          Harm     .   n - +0 cloak
rCorr   .          Rampage  .   (no gloves)
Will    .....                   (boots unavailable)
Stlth   ++........              (no amulet)
HPRegen 0.06/turn               p - +4 ring of evasion
MPRegen 0.15/turn               m - ring of magical power

@: no status effects
A: beak, talons 3
a: no special abilities


You were on level 3 of the Dungeon.
You visited 1 branch of the dungeon, and saw 3 of its levels.

You collected 110 gold pieces.

Inventory:

Hand Weapons
 a - a +1 dagger (weapon)
Armour
 b - a +0 robe (worn)
 j - a +0 leather armour
 n - a +0 cloak (worn)
Jewellery
 k - a ring of protection from fire
 m - a ring of magical power (right hand)
 p - a +4 ring of evasion (left hand)
Scrolls
 e - 3 scrolls of amnesia
 g - 2 scrolls of blinking {unknown}
 h - a scroll of teleportation {unknown}
 q - a scroll of enchant weapon {unknown}
Potions
 c - 3 potions of invisibility
 d - a potion of ambrosia {unknown}
 f - a potion of haste {unknown}
 i - 2 potions of berserk rage {unknown}
 l - a potion of heal wounds {unknown}
 o - a potion of attraction {unknown}


   Skills:
 * Level 1.1 Fighting
 + Level 1.8 Short Blades
 + Level 0.0 Armour
 * Level 2.8 Dodging
 * Level 3.4 Stealth
 + Level 2.2 Spellcasting
 + Level 2.3 Hexes


You had one spell level left.
You knew the following spells:

 Your Spells              Type           Power      Damage    Failure   Level
a - Ensorcelled Hibernat  Hex/Ice        10%        N/A       21%         2
b - Confusing Touch       Hex            8%         N/A       24%         3

Your spell library contained the following spells:

 Spells                   Type           Power      Damage    Failure   Level
 Tukima's Dance           Hex            8%         N/A       24%         3
 Dazzling Flash           Conj/Hex       10%        N/A       38%         3
 Blade Hands              Tmut           0%         N/A       99%         5
 Irradiate                Conj/Tmut      0%         3d11      99%         5
 Dragon Form              Tmut           0%         N/A       100%        7


Dungeon Overview and Level Annotations

Branches:
Dungeon (3/15) Zot: 15697

Altars:
Trog

Annotations:
D:3 1 runed translucent door


Innate Abilities, Weirdness & Mutations

You have a beak for a mouth.
You have claws for feet.


Message History

Found a stone staircase leading up.
Found 6 stones.
An orc comes into view. It is wielding a +0 dagger.
An orc is nearby!
There is a stone staircase leading up here.
The orc shouts!
You hear a shout!
An orc comes into view. It is wielding a +0 club.
An orc wizard comes into view. It is wielding a +0 dagger.
An orc priest comes into view.
It is wielding a +2 trident of protection.
An orc comes into view. It is wielding a +0 dagger.
The orc shouts!
You hear a shout!
The orc hits you but does no damage.
Unknown command.
The orc wizard shouts!
You hit the orc but do no damage. The orc hits you with a +0 dagger.
Casting: Ensorcelled Hibernation (safe; 21% risk of failure)
Confirm with . or Enter, or press ? or * to list all spells.
Aiming: Ensorcelled Hibernation (safe; 21% risk of failure)
Press: ? - help, Shift-Dir - straight line, f - orc
Aim: an orc, wielding a +0 dagger (chance to affect: 56%)
The orc looks drowsy...
The orc shouts!
The orc priest mumbles some strange prayers to Beogh against you.
Beogh smites you!
Ouch! That really hurt!
* * * LOW HITPOINT WARNING * * *
The orc misses you.
A hobgoblin comes into view.
Unknown command.
Unknown command.
As you read the scroll labelled OVUHUO ZAHUODWI, it crumbles to dust.
It is a scroll of amnesia.
Really abort (and waste the scroll)?
Okay, then.
The hobgoblin shouts!
You hear a shout!
Unknown command.
Unknown command.
The orc priest calls down the wrath of Beogh upon you.
Pain shoots through your body!
You die...

#. ..#.#.#.#.# #.#.#
#.##................. ..
...#...#.#.#.#.#.#.#...
####.#..................
#.........#.#.#.#.#.#..
...................(.#
....#.....###.......#
#+#........##......!#
#S#..##.##......@.oo## .
#~#.###.####.........##....
# #.##.....#........ooo....
#.................#......
#..#.....#.........#.g...
#..#............##...#...
###..##.....#####..##..# ..
.....#......... #..# .... .
............... ... .....


You could see an orc priest, an orc wizard, 3 orcs and a hobgoblin.

Vanquished Creatures
  2 adders (D:2)
  A worm (D:2)
  A dart slug (D:2)
  5 ball pythons
  2 endoplasms (D:2)
  4 giant cockroaches
  A goblin (D:1)
  A hobgoblin (D:1)
  A quokka (D:2)
  5 bats
  2 frilled lizards
  3 kobolds
  4 rats
32 creatures vanquished.

Notes
Turn   | Place    | Note
-------+----------+-------------------------------------------
     0 | D:1      | protoss039 the Tengu Enchanter began the quest for the Orb.
     0 | D:1      | Reached XP level 1. HP: 10/10 MP: 4/4
    37 | D:1      | Found a faded altar of an unknown god.
   422 | D:1      | Reached XP level 2. HP: 16/16 MP: 6/6
   672 | D:1      | Learned a level 2 spell: Ensorcelled Hibernation
   887 | D:2      | Found a bloodstained altar of Trog.
  1068 | D:2      | Reached XP level 3. HP: 7/20 MP: 1/7
  1306 | D:2      | Reached skill level 1 in Fighting
  2259 | D:2      | Learned a level 3 spell: Confusing Touch
  2282 | D:3      | Found a runed translucent door.
  2308 | D:3      | Killed from afar by an orc priest

Illustrated notes

Levels and vault maps discovered:
D:1:      saegor_arrival_simple_e, layout_loops_ring,
          chequers_ecumenical_altar_simple
D:2:      layout_rooms, basic_altar
D:3:      layout_rooms, ebering_ghost_sewer_d, hex_large, minmay_surrounded

Skill      XL: |  1  2  3 |
---------------+----------+-----
Fighting       | 1 |  1.1
Short Blades   | |  1.8
Dodging        | |  2.8
Stealth        | |  3.4
Spellcasting   | |  2.2
Hexes          | |  2.3

Action                   || total
-------------------------++-------
Melee: Dagger            ||    73
       Kick              ||    15
       Peck              ||     6
 Cast: Ensorcelled Hiber ||    31
  Use: Potion            ||     2
       Scroll            ||     1
 Stab: Sleeping          ||    13
Armor: Robe              ||    16
Dodge: Dodged            ||    72
